Map: Dusk Towers

Players

MCanning - Winner!

  • Race: Protoss Protoss
  • League: Grandmaster

Legacy

  • Race: Protoss Protoss
  • League: Master

VOD

Have the link to the VOD?

Description

Time

  • Played on: Dec. 16, 2015, 12:03 a.m.
  • Length: 13:47
Show
View Real Time Build Order
Export as new Build Order

MCanning Protoss - Winner!

Build Orders: Oracle Opening 

Get SALT Encoding   

  12  0:01  Probe (Chrono Boost)  
  13  0:12  Probe (Chrono Boost)  
  14  0:18  Pylon  
  14  0:22  Probe (Chrono Boost)  
  15  0:36  Probe (Chrono Boost)  
  15  0:38  Gateway  
  16  0:46  Probe (Chrono Boost)  
  17  0:52  Assimilator  
  18  0:57  Probe (Chrono Boost), Assimilator  
  18  1:07  Probe (Chrono Boost)  
  19  1:12  Gateway  
  19  1:18  Probe (Chrono Boost)  
  20  1:26  Cybernetics Core  
  20  1:29  Probe (Chrono Boost)  
  21  1:35  Pylon  
  21  1:39  Probe (Chrono Boost)  
  22  1:50  Probe (Chrono Boost)  
  23  2:06  Adept x2 (Chrono Boost)  
  23  2:07  Warp Gate  
  27  2:25  Pylon  
  27  2:34  Nexus  
  27  2:40  Mothership Core (Chrono Boost)  
  29  2:50  Stargate  
  29  2:59  Probe (Chrono Boost)  
  30  3:15  Probe (Chrono Boost)  
  31  3:26  Probe (Chrono Boost)  
  32  3:36  Probe, Oracle (Chrono Boost)  
  32  3:40  Sentry, Pylon  
  38  3:45  Stalker  
  38  3:47  Probe  
  40  3:48  Probe  
  40  3:55  Pylon  
  42  3:58  Probe  
  42  4:00  Probe  
  42  4:04  Robotics Facility  
  42  4:08  Probe  
  42  4:12  Probe  
  42  4:19  Probe  
  43  4:26  Probe  
  43  4:30  Probe (Chrono Boost)  
  44  4:34  Assimilator  
  44  4:35  Pylon  
  44  4:38  Probe (Chrono Boost)  
  46  4:39  Assimilator  
  46  4:42  Probe (Chrono Boost)  
  47  4:46  Twilight Council  
  47  4:49  Probe (Chrono Boost), Forge  
  47  4:51  Probe (Chrono Boost)  
  47  4:52  Observer (Chrono Boost)  
  49  4:55  Zealot  
  52  5:00  Probe  
  52  5:02  Probe  
  54  5:12  Probe  
  54  5:13  Probe  
  54  5:14  Gateway  
  56  5:18  Gateway  
  56  5:19  Pylon  
  56  5:25  Probe, Blink (Chrono Boost)  
  57  5:29  Probe  
  57  5:32  Protoss Ground Weapons Level 1 (Chrono Boost)  
  58  5:46  Nexus  
  58  5:47  Pylon  
  58  5:52  Immortal (Chrono Boost)  
  62  6:07  Probe  
  63  6:11  Stalker x2, Pylon  
  63  6:18  Gateway  
  67  6:23  Gateway, Probe  
  67  6:24  Probe  
  69  6:26  Photon Cannon  
  69  6:29  Photon Cannon  
  69  6:36  Probe  
  69  6:37  Robotics Bay  
  69  6:38  Probe  
  71  6:51  Probe  
  72  6:56  Gateway  
  72  6:57  Gateway  
  72  6:58  Stalker  
  72  6:59  Probe  
  75  7:02  Gateway  
  75  7:10  Probe  
  75  7:11  Probe  
  77  7:20  Disruptor (Chrono Boost)  
  77  7:22  Probe  
  77  7:27  Stalker x4  
  89  7:36  Stalker x2  
  91  7:43  Probe  
  91  7:50  Pylon  
  91  7:51  Disruptor  
  92  7:52  Stalker  
  92  7:53  Stalker x3  
  92  7:57  Pylon, Zealot  
  105  8:05  Protoss Ground Weapons Level 2 (Chrono Boost)  
  105  8:09  Stalker  
  105  8:10  Stalker  
  109  8:19  Adept  
  105  8:20  Adept x3  
  105  8:22  Photon Cannon  
  97  8:35  Probe  
  98  8:44  Probe  
  98  8:49  Pylon  
  98  8:50  Pylon  
  98  8:53  Pylon  
  95  8:57  Pylon  
  95  9:03  Probe  
  95  9:05  Probe  
  95  9:09  Disruptor  
  97  9:14  Probe  
  99  9:17  Photon Cannon  
  99  9:20  Probe, Photon Cannon  
  100  9:26  Probe, Photon Cannon  
  100  9:27  Probe  
  100  9:29  Dark Shrine, Photon Cannon  
  100  9:31  Pylon  
  102  9:32  Probe  
  102  9:33  Photon Cannon  
  102  9:38  Stalker, Probe  
  105  9:40  Disruptor  
  105  9:45  Probe  
  107  9:46  Probe  
  107  9:49  Probe  
  112  9:52  Stalker  
  112  9:53  Stalker  
  112  9:57  Probe  
  112  9:58  Probe  
  118  10:07  Stalker x2, Photon Cannon  
  120  10:08  Probe  
  120  10:10  Probe  
  120  10:11  Disruptor  
  124  10:20  Probe x2  
  128  10:24  Stalker x3  
  128  10:25  Stalker  
  135  10:42  Probe, Disruptor  
  136  10:52  Stalker  
  136  10:53  Stalker  
  136  10:56  Pylon  
  140  10:58  Pylon  
  140  11:01  Protoss Ground Weapons Level 3 (Chrono Boost), Assimilator  
  140  11:05  Assimilator  
  140  11:07  Probe  
  140  11:08  Nexus  
  133  11:26  Disruptor  
  133  11:28  Probe  
  133  11:37  Probe  
  133  11:38  Stalker x2  
  127  11:42  Pylon  
  127  11:43  Pylon  
  127  11:44  Stalker x2  
  127  11:45  Stalker x5  
  141  11:54  Probe  
  142  12:02  Photon Cannon  
  142  12:05  Photon Cannon  
  142  12:08  Assimilator  
  142  12:10  Probe  
  142  12:13  Stalker x5  
  142  12:14  Stalker  
  155  12:15  Assimilator  
  155  12:16  Probe  
  156  12:28  Disruptor  
  137  12:35  Probe  
  139  12:41  Probe  
  139  12:43  Stalker x4  
  148  12:44  Probe  
  148  12:47  Probe  
  148  12:49  Probe  
  151  12:59  Probe, Disruptor  
  151  13:04  Probe  
  149  13:18  Stalker x2  
  149  13:19  Stalker x4  
Show
View Real Time Build Order
Export as new Build Order

Legacy Protoss 

Build Orders: Nexus First 

Get SALT Encoding   

  12  0:01  Probe (Chrono Boost)  
  13  0:11  Probe (Chrono Boost)  
  14  0:18  Pylon  
  14  0:22  Probe (Chrono Boost)  
  15  0:36  Probe (Chrono Boost)  
  16  0:46  Probe (Chrono Boost)  
  17  0:57  Nexus  
  17  1:07  Gateway  
  17  1:10  Probe (Chrono Boost)  
  18  1:15  Assimilator  
  18  1:21  Probe (Chrono Boost)  
  18  1:24  Assimilator  
  19  1:31  Probe (Chrono Boost)  
  20  1:37  Gateway  
  20  1:42  Probe (Chrono Boost)  
  21  1:52  Probe (Chrono Boost)  
  22  1:58  Cybernetics Core  
  22  2:03  Probe (Chrono Boost)  
  23  2:13  Probe (Chrono Boost)  
  24  2:16  Probe (Chrono Boost)  
  25  2:26  Pylon  
  25  2:27  Probe (Chrono Boost)  
  26  2:34  Stalker x2 (Chrono Boost)  
  26  2:36  Warp Gate (Chrono Boost)  
  30  2:43  Mothership Core  
  32  2:51  Pylon  
  32  3:01  Stalker (Chrono Boost), Probe  
  35  3:14  Probe  
  35  3:26  Probe  
  35  3:33  Probe  
  33  3:38  Probe (Chrono Boost)  
  33  3:39  Adept  
  37  3:42  Twilight Council  
  37  3:44  Probe (Chrono Boost)  
  38  3:50  Probe (Chrono Boost)  
  40  3:55  Probe (Chrono Boost)  
  40  4:00  Probe (Chrono Boost)  
  41  4:06  Probe (Chrono Boost)  
  42  4:11  Probe (Chrono Boost)  
  42  4:15  Robotics Facility  
  42  4:17  Probe (Chrono Boost)  
  44  4:20  Blink (Chrono Boost)  
  44  4:21  Probe (Chrono Boost)  
  43  4:27  Probe (Chrono Boost)  
  43  4:30  Probe  
  43  4:39  Probe  
  43  4:41  Probe, Pylon  
  45  4:51  Probe x2  
  47  5:02  Probe  
  47  5:03  Probe  
  49  5:11  Assimilator  
  49  5:12  Observer (Chrono Boost)  
  48  5:14  Probe  
  48  5:15  Probe  
  48  5:16  Assimilator  
  48  5:19  Stalker x2  
  54  5:24  Pylon  
  54  5:26  Probe  
  54  5:27  Probe, Nexus  
  56  5:29  Pylon  
  56  5:30  Pylon  
  56  5:38  Probe  
  56  5:39  Probe  
  56  5:41  Immortal (Chrono Boost)  
  62  5:48  Dark Shrine  
  62  5:50  Probe  
  62  5:54  Gateway  
  62  5:55  Probe  
  64  6:02  Probe  
  65  6:08  Stalker x2, Probe  
  70  6:15  Probe  
  70  6:16  Gateway  
  71  6:18  Gateway  
  71  6:22  Probe (Chrono Boost)  
  72  6:27  Observer (Chrono Boost)  
  72  6:29  Probe (Chrono Boost)  
  73  6:35  Stalker x2, Probe (Chrono Boost)  
  78  6:41  Gateway  
  78  6:44  Gateway  
  78  6:47  Probe (Chrono Boost)  
  78  6:51  Probe (Chrono Boost)  
  78  6:52  Probe (Chrono Boost)  
  81  6:55  Warp Prism (Chrono Boost)  
  81  6:58  Probe (Chrono Boost)  
  81  6:59  Gateway  
  84  7:01  Probe (Chrono Boost)  
  84  7:04  Gateway, Probe (Chrono Boost)  
  86  7:10  Probe (Chrono Boost)  
  86  7:15  Stalker x3  
  93  7:16  Probe  
  93  7:17  Probe, Pylon  
  95  7:27  Stalker x2  
  99  7:43  Stalker x3  
  105  7:52  Pylon  
  105  7:53  Pylon  
  105  7:55  Pylon, Assimilator  
  105  7:56  Pylon  
  105  7:57  Dark Templar x2  
  109  7:58  Assimilator  
  109  8:03  Forge  
  107  8:15  Dark Templar x5  
  117  8:34  Robotics Bay  
  117  8:39  Robotics Facility  
  107  8:42  Protoss Ground Weapons Level 1 (Chrono Boost)  
  105  8:52  Probe  
  105  8:54  Photon Cannon  
  105  8:55  Photon Cannon  
  81  9:03  Stalker x4  
  81  9:04  Stalker x3  
  81  9:09  Pylon, Photon Cannon  
  95  9:12  Pylon  
  95  9:15  Pylon  
  95  9:17  Pylon  
  95  9:33  Disruptor x2 (Chrono Boost)  
  95  9:36  Stalker  
  95  9:37  Stalker x3  
  109  9:53  Nexus  
  109  9:55  Pylon  
  109  9:57  Pylon  
  109  9:58  Pylon  
  109  10:03  Stalker x2  
  109  10:04  Stalker  
  109  10:05  Disruptor (Chrono Boost), Warp Prism (Chrono Boost)  
  118  10:35  Protoss Ground Weapons Level 2  
  92  10:43  Stalker x3  
  92  10:44  Stalker x5  
  92  10:45  Disruptor x2 (Chrono Boost)  
  112  10:56  Stalker  
  114  10:57  Photon Cannon  
  114  11:06  Stalker x2  
  114  11:07  Stalker x3  
  108  11:36  Stalker x4  
  108  11:37  Stalker x3  
  121  11:41  Disruptor (Chrono Boost)  
  121  11:42  Adept x2  
  128  11:47  Pylon  
  128  12:02  Probe x2, Assimilator  
  128  12:03  Probe x2  
  128  12:04  Stargate  
  128  12:07  Assimilator  
  132  12:10  Stalker x6  
  114  12:33  Stalker x3  
  114  12:34  Disruptor (Chrono Boost)  
  112  12:41  Stalker  
  112  12:42  Stalker x4  
  117  12:56  Disruptor (Chrono Boost)  
  118  13:05  Stalker x3  
  120  13:06  Stalker  
  120  13:12  Stalker x3  
  100  13:23  Adept  
  100  13:24  Adept  
  100  13:26  Stalker  
  100  13:27  Stalker  
  99  13:32  Stalker x3  
  91  13:41  Nexus  
Tags
 
Add a new tag
Caveats
  • Supply blocks, unpowered buildings, or Contaminate may cause inaccurate times.
  • Supply counts are checked every 10 seconds.